Map: Ruins of Endion

Players

Hamburgler

  • Race: Protoss Protoss
  • League: Silver
  • Spawn Location: 7:00

Fropez - Winner!

  • Race: Protoss Protoss
  • League: Silver
  • Spawn Location: 5:00

VOD

Have the link to the VOD?

Description

Time

  • Played on: May 11, 2016, 11:44 a.m.
  • Length: 7:33
Show
View Real Time Build Order
Export as new Build Order

Hamburgler Protoss 

Build Orders:  

Get SALT Encoding   

  12  0:21  Probe (Chrono Boost)  
  13  0:26  Pylon  
  13  0:31  Probe (Chrono Boost)  
  14  0:36  Pylon  
  14  0:43  Probe (Chrono Boost), Assimilator  
  15  0:54  Probe (Chrono Boost)  
  16  1:04  Probe (Chrono Boost)  
  17  1:15  Probe (Chrono Boost)  
  17  1:17  Pylon  
  18  1:36  Nexus  
  18  1:45  Pylon  
  18  1:53  Probe (Chrono Boost)  
  19  2:03  Probe (Chrono Boost)  
  20  2:16  Gateway  
  20  2:20  Assimilator  
  20  2:39  Probe (Chrono Boost)  
  21  2:46  Assimilator  
  21  2:50  Probe x2 (Chrono Boost)  
  23  3:00  Probe (Chrono Boost)  
  23  3:01  Probe (Chrono Boost)  
  25  3:11  Probe (Chrono Boost)  
  26  3:13  Cybernetics Core  
  26  3:22  Probe (Chrono Boost)  
  26  3:32  Probe (Chrono Boost)  
  24  3:43  Probe (Chrono Boost)  
  23  3:54  Probe (Chrono Boost)  
  19  4:10  Stargate  
  19  4:11  Stargate  
  19  4:15  Stargate  
  11  4:29  Probe (Chrono Boost), Stargate  
  12  4:40  Probe (Chrono Boost)  
  12  4:41  Assimilator  
  13  4:51  Probe (Chrono Boost)  
  11  5:01  Probe (Chrono Boost)  
  11  5:04  Nexus  
  12  5:12  Probe (Chrono Boost)  
  13  5:22  Probe (Chrono Boost)  
  14  5:33  Probe (Chrono Boost)  
  15  5:43  Probe (Chrono Boost)  
  16  5:54  Probe (Chrono Boost)  
  17  6:05  Void Ray (Chrono Boost)  
  22  6:11  Probe  
  22  6:18  Probe  
  23  6:30  Probe  
  24  6:35  Probe  
  24  6:42  Probe  
  25  6:56  Probe  
  26  7:08  Probe  
  31  7:20  Probe  
Show
View Real Time Build Order
Export as new Build Order

Fropez Protoss - Winner!

Build Orders:  

Get SALT Encoding   

  12  0:01  Probe (Chrono Boost)  
  13  0:17  Pylon  
  13  0:25  Probe (Chrono Boost)  
  14  0:37  Gateway  
  14  0:38  Probe (Chrono Boost)  
  15  0:47  Assimilator  
  15  0:49  Probe (Chrono Boost)  
  16  0:59  Probe (Chrono Boost)  
  16  1:02  Pylon  
  17  1:23  Probe (Chrono Boost)  
  18  1:26  Cybernetics Core  
  18  1:33  Probe (Chrono Boost)  
  19  1:44  Pylon  
  19  1:46  Probe (Chrono Boost)  
  20  1:50  Assimilator  
  21  2:04  Mothership Core (Chrono Boost)  
  21  2:07  Warp Gate (Chrono Boost)  
  22  2:15  Adept  
  24  2:26  Gateway x2  
  24  2:33  Probe (Chrono Boost)  
  25  2:43  Probe (Chrono Boost)  
  26  2:54  Probe (Chrono Boost)  
  26  2:58  Adept  
  29  3:05  Probe  
  30  3:07  Gateway  
  30  3:13  Adept  
  30  3:19  Adept  
  34  3:25  Adept  
  36  3:36  Pylon  
  36  3:43  Adept  
  36  3:45  Probe  
  39  3:54  Adept  
  41  4:35  Pylon, Probe  
  41  4:38  Adept  
  44  4:41  Pylon  
  44  4:47  Probe  
  45  4:55  Nexus  
  45  4:57  Assimilator  
  45  4:59  Pylon  
  45  5:02  Adept x3  
  45  5:06  Probe  
  52  5:18  Probe  
  53  5:41  Adept x3  
  53  5:42  Adept  
  61  5:43  Probe  
  62  5:51  Robotics Facility  
  62  5:55  Forge, Probe  
  63  6:59  Stalker x3  
  63  7:00  Stalker  
  68  7:27  Twilight Council  
  68  7:30  Forge  
Tags
 
Matchup
PvP
Replay Pack
All Mines
Spawn Locations
Close Positions
Add a new tag
Caveats
  • Supply blocks, unpowered buildings, or Contaminate may cause inaccurate times.
  • Supply counts are checked every 10 seconds.